[Event "FICS rated blitz game"]
[Site "FICS freechess.org"]
[FICSGamesDBGameNo "20000314"]
[White "Verkkis"]
[Black "Manu"]
[WhiteElo "1920"]
[BlackElo "1974"]
[WhiteRD "na"]
[BlackRD "na"]
[TimeControl "180+0"]
[Date "1999.03.19"]
[Time "06:13:00"]
[WhiteClock "0:03:00.000"]
[BlackClock "0:03:00.000"]
[ECO "A06"]
[PlyCount "73"]
[Result "1-0"]

1. Nf3 d5 2. b3 c5 3. Bb2 Nc6 4. e3 Nf6 5. Bb5 Bd7 6. O-O a6 7. Bxc6 Bxc6 8. Ne5 Qc7 9. d3 e6 10. Nd2 Bd6 11. f4 O-O 12. Ndf3 Nd7 13. Nxc6 Qxc6 14. Kh1 f5 15. Qe1 Be7 16. Qg3 Rf7 17. Ne5 Nxe5 18. fxe5 Bd8 19. e4 dxe4 20. dxe4 Qxe4 21. Rad1 Bh4 22. Qh3 Bg5 23. Rd6 Re7 24. Rfd1 Rae8 25. Qh5 Qg4 26. Qxg4 fxg4 27. g3 h5 28. Kg2 Rf7 29. Rd7 Ree7 30. R7d6 Kh7 31. Rb6 Rd7 32. Rdd6 Rxd6 33. Rxd6 Re7 34. c4 Kg6 35. Kf2 Kf5 36. Ba3 Rc7 37. Bb2 {Black forfeits on time} 1-0

[Event "FICS rated lightning game"]
[Site "FICS freechess.org"]
[FICSGamesDBGameNo "20000313"]
[White "theMessiah"]
[Black "AllTimeGreat"]
[WhiteElo "1772"]
[BlackElo "1987"]
[WhiteRD "na"]
[BlackRD "na"]
[TimeControl "60+0"]
[Date "1999.03.18"]
[Time "18:54:00"]
[WhiteClock "0:01:00.000"]
[BlackClock "0:01:00.000"]
[ECO "B22"]
[PlyCount "31"]
[Result "1-0"]

1. e4 c5 2. Nf3 Nc6 3. d4 cxd4 4. c3 Nf6 5. e5 Nd5 6. cxd4 d6 7. exd6 Qxd6 8. Bc4 Bg4 9. O-O e6 10. Re1 Be7 11. Nc3 O-O 12. Nxd5 exd5 13. Bd3 Bf6 14. Be3 Bxf3 15. Qxf3 Nxd4 16. Bxd4 {Black resigns} 1-0

[Event "FICS rated lightning game"]
[Site "FICS freechess.org"]
[FICSGamesDBGameNo "20000311"]
[White "Alzuko"]
[Black "Wooky"]
[WhiteElo "1873"]
[BlackElo "1928"]
[WhiteRD "na"]
[BlackRD "na"]
[TimeControl "60+0"]
[Date "1999.03.18"]
[Time "14:12:00"]
[WhiteClock "0:01:00.000"]
[BlackClock "0:01:00.000"]
[ECO "A13"]
[PlyCount "56"]
[Result "0-1"]

1. c4 e6 2. Nc3 c5 3. e4 Nf6 4. d3 d5 5. Bg5 d4 6. Nce2 e5 7. f4 Nc6 8. fxe5 Nxe5 9. Ng3 Bd6 10. Nf3 h6 11. Bxf6 Qxf6 12. Be2 Ng4 13. e5 Bxe5 14. Nxe5 Qxe5 15. Kd2 Qe3+ 16. Kc2 Nf2 17. Qe1 Nxh1 18. Nxh1 O-O 19. Rd1 Re8 20. Ng3 Bg4 21. Qf1 Bxe2 22. Nxe2 Qxe2+ 23. Qxe2 Rxe2+ 24. Rd2 Rae8 25. Kd1 Re1+ 26. Kc2 R1e2 27. Kd1 Rxd2+ 28. Kxd2 Re7 {White resigns} 0-1

[Event "FICS rated lightning game"]
[Site "FICS freechess.org"]
[FICSGamesDBGameNo "20000309"]
[White "baldr"]
[Black "pavlik"]
[WhiteElo "1887"]
[BlackElo "1939"]
[WhiteRD "na"]
[BlackRD "na"]
[TimeControl "60+0"]
[Date "1999.03.18"]
[Time "10:36:00"]
[WhiteClock "0:01:00.000"]
[BlackClock "0:01:00.000"]
[ECO "B02"]
[PlyCount "105"]
[Result "0-1"]

1. e4 d5 2. exd5 Nf6 3. Nc3 Bg4 4. Bb5+ c6 5. f3 cxb5 6. fxg4 Nxd5 7. Nxd5 Qxd5 8. Qf3 Qxf3 9. Nxf3 e6 10. O-O Be7 11. d3 O-O 12. Bf4 Nc6 13. Ne5 Nxe5 14. Bxe5 Rac8 15. c3 Rc6 16. Rad1 f6 17. Bd4 a6 18. Bf2 Rd8 19. d4 b4 20. Rfe1 bxc3 21. bxc3 Kf7 22. Rd3 Rdc8 23. Ree3 b5 24. Be1 Rc4 25. h4 Ra4 26. Re2 b4 27. cxb4 Bxb4 28. Bxb4 Rxb4 29. Kh2 Rbc4 30. Rde3 R8c6 31. Rxe6 Rxe6 32. Rb2 Rec6 33. Rb7+ Rc7 34. Rb6 R4c6 35. Rb4 Rc4 36. Rb6 Rxd4 37. Rxa6 Rxg4 38. Kh3 Rcc4 39. g3 Kf8 40. Ra7 Ke8 41. Ra8+ Kd7 42. Ra7+ Kc6 43. Ra6+ Kb5 44. Ra7 Rxg3+ 45. Kxg3 Rc3+ 46. Kg4 Rc2 47. Kf5 Kc6 48. Ke6 Re2+ 49. Kf7 Rh2 50. Kxg7 Rxh4 51. Kxf6 Rg4 52. Kf5 Kb6 53. Kxg4 {White forfeits on time} 0-1

[Event "FICS rated blitz game"]
[Site "FICS freechess.org"]
[FICSGamesDBGameNo "20000308"]
[White "Ejner"]
[Black "ruxtonk"]
[WhiteElo "1534"]
[BlackElo "2171"]
[WhiteRD "na"]
[BlackRD "na"]
[TimeControl "180+0"]
[Date "1999.03.18"]
[Time "01:40:00"]
[WhiteClock "0:03:00.000"]
[BlackClock "0:03:00.000"]
[ECO "B12"]
[PlyCount "31"]
[Result "0-1"]

1. e4 c6 2. d4 d5 3. e5 Bf5 4. h4 h5 5. Ne2 e6 6. Ng3 Bg6 7. Be2 Be7 8. Bxh5 Bxh4 9. Bxg6 fxg6 10. Qg4 Kf7 11. Bg5 Bxg5 12. Rxh8 Bc1 13. Nc3 Bxb2 14. Rb1 Bxc3+ 15. Ke2 Nd7 16. Qf4+ {White resigns} 0-1

[Event "FICS rated blitz game"]
[Site "FICS freechess.org"]
[FICSGamesDBGameNo "20000307"]
[White "gauf"]
[Black "jfricker"]
[WhiteElo "1486"]
[BlackElo "1302"]
[WhiteRD "na"]
[BlackRD "na"]
[TimeControl "120+6"]
[Date "1999.03.17"]
[Time "14:36:00"]
[WhiteClock "0:02:00.000"]
[BlackClock "0:02:00.000"]
[ECO "B33"]
[PlyCount "20"]
[Result "0-1"]

1. e4 c5 2. Nf3 Nc6 3. d4 cxd4 4. Nxd4 e5 5. Nb3 Nf6 6. Nc3 Bb4 7. Qf3 a6 8. Bg5 Be7 9. O-O-O O-O 10. h4 d6 {White resigns} 0-1

[Event "FICS rated blitz game"]
[Site "FICS freechess.org"]
[FICSGamesDBGameNo "20000306"]
[White "PLV"]
[Black "Pankrac"]
[WhiteElo "1469"]
[BlackElo "1282"]
[WhiteRD "na"]
[BlackRD "na"]
[TimeControl "300+0"]
[Date "1999.03.17"]
[Time "03:32:00"]
[WhiteClock "0:05:00.000"]
[BlackClock "0:05:00.000"]
[ECO "A34"]
[PlyCount "53"]
[Result "1-0"]

1. c4 c5 2. Nc3 Nf6 3. g3 d6 4. Bg2 e6 5. a3 d5 6. cxd5 exd5 7. d4 Nc6 8. dxc5 Bxc5 9. Nxd5 Nxd5 10. Qxd5 Qxd5 11. Bxd5 Bd7 12. Bd2 O-O 13. Bg2 b6 14. e3 Rad8 15. Nf3 Ne7 16. O-O Nf5 17. Bc3 Nh6 18. Ne5 Bb5 19. Rfd1 Rde8 20. Nd7 Rd8 21. Nxc5 bxc5 22. Bf3 Nf5 23. b4 cxb4 24. Bxb4 Rfe8 25. a4 Bc4 26. Bc6 Re6 27. Rxd8+ {Black resigns} 1-0

[Event "FICS rated standard game"]
[Site "FICS freechess.org"]
[FICSGamesDBGameNo "20000305"]
[White "saurabh"]
[Black "Montblanc"]
[WhiteElo "1616"]
[BlackElo "1861"]
[WhiteRD "na"]
[BlackRD "na"]
[TimeControl "900+0"]
[Date "1999.03.17"]
[Time "01:48:00"]
[WhiteClock "0:15:00.000"]
[BlackClock "0:15:00.000"]
[ECO "C00"]
[PlyCount "78"]
[Result "1/2-1/2"]

1. e4 e6 2. Nc3 Bb4 3. Nf3 Nf6 4. e5 Ng4 5. Ne4 Nc6 6. c3 d5 7. Neg5 Be7 8. d4 f6 9. Nh3 fxe5 10. Bb5 Bd7 11. Bxc6 Bxc6 12. Nhg5 Qd6 13. O-O e4 14. Bf4 Qxf4 15. Nxe6 Qd6 16. Nxg7+ Kd8 17. Re1 exf3 18. Ne6+ Kc8 19. g3 Bd7 20. Nc5 Qh6 21. h4 Bxc5 22. dxc5 Qc6 23. Qd4 b6 24. Re7 Kb7 25. c4 Rad8 26. cxb6 Qxc4 27. Qg7 Qc5 28. Rf1 Qc2 29. Rxd7 Rxd7 30. Qxd7 Nf6 31. Qg7 axb6 32. Qxh8 Qf5 33. Kh2 Ng4+ 34. Kg1 Ne5 35. Kh2 Ng4+ 36. Kg1 Nh6 37. Kh2 Ng4+ 38. Kg1 Ne5 39. Kh2 Ng4+ {Game drawn by repetition} 1/2-1/2

[Event "FICS rated blitz game"]
[Site "FICS freechess.org"]
[FICSGamesDBGameNo "20000303"]
[White "moonpro"]
[Black "MadMax"]
[WhiteElo "1661"]
[BlackElo "1761"]
[WhiteRD "na"]
[BlackRD "na"]
[TimeControl "300+0"]
[Date "1999.03.16"]
[Time "13:15:00"]
[WhiteClock "0:05:00.000"]
[BlackClock "0:05:00.000"]
[ECO "C41"]
[PlyCount "85"]
[Result "1-0"]

1. e4 e5 2. Bc4 d6 3. Nf3 Be6 4. Bxe6 fxe6 5. d4 exd4 6. Nxd4 e5 7. Nf5 Qf6 8. O-O Nc6 9. Nc3 Qf7 10. Nb5 a6 11. Nc3 Nf6 12. Be3 g6 13. Ng3 O-O-O 14. Qe2 Qe6 15. Rfd1 Ng4 16. Bg5 Be7 17. Bxe7 Nxe7 18. f3 Nf6 19. Qe3 Nc6 20. Nd5 h5 21. b4 h4 22. Ne2 Nh5 23. a4 h3 24. g3 Kd7 25. b5 axb5 26. axb5 Ne7 27. c4 Nxd5 28. cxd5 Qf6 29. b6 Rc8 30. Ra7 Rhf8 31. Rf1 c5 32. Rxb7+ Kd8 33. Ra7 Rf7 34. b7 Rb8 35. Rb1 Kc7 36. Nc3 Qxf3 37. Qxf3 Rxf3 38. Nb5+ Kd7 39. Nxd6 Kxd6 40. Rb6+ Kc7 41. Rxg6 Rxb7 42. Rc6+ Kb8 43. Rxb7+ {Black forfeits on time} 1-0

[Event "FICS rated blitz game"]
[Site "FICS freechess.org"]
[FICSGamesDBGameNo "20000302"]
[White "shrid"]
[Black "MDerby"]
[WhiteElo "1306"]
[BlackElo "1531"]
[WhiteRD "na"]
[BlackRD "na"]
[TimeControl "180+0"]
[Date "1999.03.16"]
[Time "11:51:00"]
[WhiteClock "0:03:00.000"]
[BlackClock "0:03:00.000"]
[ECO "B02"]
[PlyCount "105"]
[Result "1/2-1/2"]

1. e4 d5 2. exd5 Nf6 3. Nc3 Nxd5 4. Nxd5 Qxd5 5. d3 Nc6 6. Nf3 Bg4 7. Be2 Qe6 8. Be3 Nb4 9. a3 Nd5 10. Qd2 Nxe3 11. Qxe3 Qxe3 12. fxe3 O-O-O 13. O-O e5 14. h3 Bh5 15. e4 Bc5+ 16. Kh1 f6 17. b4 Bb6 18. a4 a6 19. c4 Bxf3 20. Bxf3 Rxd3 21. c5 Ba7 22. b5 Bxc5 23. bxa6 bxa6 24. Rfc1 Bd6 25. Be2 Ra3 26. Bxa6+ Kd7 27. Bb5+ Kd8 28. Rab1 Ra2 29. Bc6 Ke7 30. Rb7 Rf8 31. Rcb1 f5 32. exf5 Rxf5 33. Be4 Rf4 34. Bxh7 Rfxa4 35. Bg8 Ra1 36. Rxa1 Rxa1+ 37. Kh2 e4+ 38. g3 Ra2+ 39. Kg1 Bxg3 40. Bd5 e3 41. Bxa2 Bf2+ 42. Kf1 Kd6 43. Ke2 c5 44. Rxg7 Ke5 45. h4 Bxh4 46. Kxe3 Kd6 47. Bc4 Kc6 48. Rg6+ Kd7 49. Ke4 Be7 50. Kd5 Kc7 51. Rc6+ Kd7 52. Rxc5 Bxc5 53. Kxc5 {Neither player has mating material} 1/2-1/2

[Event "FICS rated blitz game"]
[Site "FICS freechess.org"]
[FICSGamesDBGameNo "20000301"]
[White "Peter"]
[Black "Peton"]
[WhiteElo "1819"]
[BlackElo "2012"]
[WhiteRD "na"]
[BlackRD "na"]
[TimeControl "300+0"]
[Date "1999.03.16"]
[Time "11:10:00"]
[WhiteClock "0:05:00.000"]
[BlackClock "0:05:00.000"]
[ECO "C56"]
[PlyCount "84"]
[Result "0-1"]

1. e4 e5 2. Nf3 Nc6 3. d4 exd4 4. Bc4 Nf6 5. O-O Nxe4 6. Re1 d5 7. Bxd5 Qxd5 8. Nc3 Qa5 9. Rxe4+ Be6 10. Nxd4 O-O-O 11. Nce2 Nxd4 12. Rxd4 Bc5 13. Rxd8+ Rxd8 14. Qf1 f6 15. Nc3 g5 16. Qe2 Bf7 17. Be3 Re8 18. Qg4+ Be6 19. Qh5 Bd7 20. Bxc5 Qxc5 21. Qxh7 Qb4 22. Rd1 Bc6 23. Qf5+ Kb8 24. Qxf6 a5 25. Rd8+ Rxd8 26. Qxd8+ Ka7 27. Qxc7 a4 28. Qg3 Qxb2 29. Qe3+ Kb8 30. h3 Qxc2 31. Qe5+ Ka7 32. Qa5+ Kb8 33. Nb5 Qb1+ 34. Kh2 Qxb5 35. Qd8+ Ka7 36. Qd4+ b6 37. Qg7+ Ka6 38. Qg8 Qe5+ 39. Kg1 Qa1+ 40. Kh2 Qe5+ 41. Kg1 Qd5 42. Qb8 Qxg2# {White checkmated} 0-1

[Event "FICS rated standard game"]
[Site "FICS freechess.org"]
[FICSGamesDBGameNo "20000299"]
[White "akhalil"]
[Black "PxK"]
[WhiteElo "1765"]
[BlackElo "1608"]
[WhiteRD "na"]
[BlackRD "na"]
[TimeControl "900+5"]
[Date "1999.03.16"]
[Time "01:59:00"]
[WhiteClock "0:15:00.000"]
[BlackClock "0:15:00.000"]
[ECO "C00"]
[PlyCount "55"]
[Result "1-0"]

1. e4 e6 2. f4 d5 3. e5 c5 4. c3 Ne7 5. Nf3 Ng6 6. d4 cxd4 7. cxd4 Nc6 8. Bd3 Be7 9. O-O O-O 10. f5 exf5 11. a3 Qb6 12. Bc2 Be6 13. Nc3 f6 14. Na4 Qb5 15. Bd3 Qa5 16. Bd2 Qd8 17. Re1 fxe5 18. dxe5 Qb8 19. Qe2 Qd8 20. Bc3 b5 21. Bxb5 Rc8 22. Rac1 Nf4 23. Qe3 Ng6 24. Kh1 a5 25. Bxc6 Rxc6 26. Nd4 Ra6 27. Qe2 Ra8 28. Nxe6 {Black resigns} 1-0

[Event "FICS rated blitz game"]
[Site "FICS freechess.org"]
[FICSGamesDBGameNo "20000298"]
[White "Diagonaliser"]
[Black "BernardLQ"]
[WhiteElo "1797"]
[BlackElo "1733"]
[WhiteRD "na"]
[BlackRD "na"]
[TimeControl "60+3"]
[Date "1999.03.15"]
[Time "16:23:00"]
[WhiteClock "0:01:00.000"]
[BlackClock "0:01:00.000"]
[ECO "C56"]
[PlyCount "33"]
[Result "1-0"]

1. e4 e5 2. Nf3 Nc6 3. d4 exd4 4. Bc4 Nf6 5. O-O Nxe4 6. Re1 d5 7. Bxd5 Qxd5 8. Nc3 Qa5 9. Nxe4 Be6 10. Neg5 O-O-O 11. Nxe6 fxe6 12. Rxe6 Bd6 13. Bg5 Rd7 14. Qe1 b6 15. Qe4 Qc5 16. a3 h6 17. b4 {Black forfeits on time} 1-0

[Event "FICS rated blitz game"]
[Site "FICS freechess.org"]
[FICSGamesDBGameNo "20000297"]
[White "MrButts"]
[Black "Antero"]
[WhiteElo "1195"]
[BlackElo "1105"]
[WhiteRD "na"]
[BlackRD "na"]
[TimeControl "240+12"]
[Date "1999.03.15"]
[Time "11:59:00"]
[WhiteClock "0:04:00.000"]
[BlackClock "0:04:00.000"]
[ECO "C41"]
[PlyCount "94"]
[Result "1/2-1/2"]

1. e4 e5 2. Nf3 d6 3. h3 Nf6 4. Nc3 Be6 5. d4 exd4 6. Nxd4 Nc6 7. Nxe6 fxe6 8. Bd3 d5 9. exd5 exd5 10. O-O d4 11. Re1+ Be7 12. Ne4 O-O 13. Ng5 h6 14. Ne6 Qd6 15. Nxf8 Rxf8 16. Bc4+ Nd5 17. Bd3 Ndb4 18. a3 Nxd3 19. Qxd3 Ne5 20. Qb3+ Rf7 21. Qxb7 Qf6 22. Qa8+ Rf8 23. Qd5+ Kh8 24. Qxe5 Qxf2+ 25. Kh2 Bd6 26. Bf4 Bxe5 27. Bxe5 Re8 28. Rf1 Qxf1 29. Rxf1 Rxe5 30. Rd1 c5 31. c3 dxc3 32. bxc3 Re3 33. Rd8+ Kh7 34. Rd7 Rxc3 35. Rxa7 c4 36. a4 Ra3 37. a5 c3 38. Rc7 h5 39. a6 Rxa6 40. Rxc3 Rf6 41. Kg3 g5 42. Rf3 Rxf3+ 43. gxf3 Kg6 44. h4 gxh4+ 45. Kxh4 Kf5 46. Kxh5 Kf4 47. Kh6 Kxf3 {Neither player has mating material} 1/2-1/2

[Event "FICS rated lightning game"]
[Site "FICS freechess.org"]
[FICSGamesDBGameNo "20000296"]
[White "Gbx"]
[Black "meteore"]
[WhiteElo "1758"]
[BlackElo "1761"]
[WhiteRD "na"]
[BlackRD "na"]
[TimeControl "60+0"]
[Date "1999.03.15"]
[Time "11:26:00"]
[WhiteClock "0:01:00.000"]
[BlackClock "0:01:00.000"]
[ECO "B07"]
[PlyCount "72"]
[Result "0-1"]

1. e4 d6 2. Nf3 Nf6 3. Bc4 c6 4. O-O Nxe4 5. Re1 d5 6. Bb3 Bf5 7. d4 e6 8. Ne5 Nd7 9. Nc3 Nxe5 10. dxe5 Nxc3 11. bxc3 Be7 12. c4 O-O 13. cxd5 cxd5 14. Qe2 Rc8 15. Be3 Bb4 16. Red1 Bc3 17. Rab1 a6 18. a4 Qe7 19. h4 Bxe5 20. g3 Bc3 21. Bg5 Qc7 22. g4 Bg6 23. h5 Be4 24. f3 Qc5+ 25. Be3 d4 26. Bf2 Bc6 27. Qf1 Bd5 28. Bxd5 Qxd5 29. Qh3 e5 30. h6 Rfe8 31. hxg7 Qd7 32. g5 Qe6 33. Qxe6 Rxe6 34. Bg3 Rg6 35. Kf2 Rxg5 36. Rg1 f6 {White forfeits on time} 0-1

[Event "FICS rated blitz game"]
[Site "FICS freechess.org"]
[FICSGamesDBGameNo "20000295"]
[White "Damp"]
[Black "MentalSlave"]
[WhiteElo "1979"]
[BlackElo "1676"]
[WhiteRD "na"]
[BlackRD "na"]
[TimeControl "240+0"]
[Date "1999.03.15"]
[Time "04:59:00"]
[WhiteClock "0:04:00.000"]
[BlackClock "0:04:00.000"]
[ECO "B15"]
[PlyCount "58"]
[Result "1-0"]

1. e4 c6 2. d4 d5 3. Nc3 dxe4 4. Bc4 Nd7 5. f3 exf3 6. Nxf3 Ngf6 7. O-O e6 8. Kh1 c5 9. d5 exd5 10. Nxd5 Be7 11. Bf4 Nxd5 12. Qxd5 O-O 13. Rad1 Nf6 14. Qg5 h6 15. Qh4 Bd7 16. Rfe1 Nd5 17. Qg3 Nxf4 18. Qxf4 Bf6 19. Rd5 Qc8 20. Red1 Be6 21. Rd6 Qc7 22. Bxe6 fxe6 23. Qc4 Rfe8 24. Rxe6 Rxe6 25. Qxe6+ Kh7 26. Rd7 Qf4 27. Qe1 Rd8 28. Rxd8 Bxd8 29. b3 g6 {Black forfeits on time} 1-0

[Event "FICS rated blitz game"]
[Site "FICS freechess.org"]
[FICSGamesDBGameNo "20000294"]
[White "Zobayan"]
[Black "ragasi"]
[WhiteElo "1684"]
[BlackElo "1662"]
[WhiteRD "na"]
[BlackRD "na"]
[TimeControl "300+0"]
[Date "1999.03.14"]
[Time "22:54:00"]
[WhiteClock "0:05:00.000"]
[BlackClock "0:05:00.000"]
[ECO "C62"]
[PlyCount "132"]
[Result "0-1"]

1. e4 e5 2. Nf3 Nc6 3. Bb5 d6 4. d4 exd4 5. Nxd4 Bd7 6. Nxc6 bxc6 7. Bc4 Nf6 8. Bg5 Be7 9. Nc3 O-O 10. O-O Ng4 11. Bxe7 Qxe7 12. h3 Nh6 13. Qh5 Be6 14. Bb3 Rab8 15. Rfe1 a5 16. a4 c5 17. Nd5 Bxd5 18. Qxd5 Kh8 19. e5 Qg5 20. Rad1 Rfe8 21. exd6 Qxd5 22. Rxe8+ Rxe8 23. Rxd5 cxd6 24. Rxd6 Nf5 25. Rd5 g6 26. Rxc5 Re1+ 27. Kh2 Re2 28. f3 Ne3 29. Re5 Nf1+ 30. Kg1 Rxe5 31. Kxf1 Kg7 32. Kf2 Kf6 33. Bc4 Rc5 34. b3 Ke7 35. Ke3 f5 36. g3 Re5+ 37. Kd4 Kd6 38. c3 Re1 39. g4 f4 40. h4 Re3 41. h5 g5 42. Bd3 Rxf3 43. Bxh7 Rg3 44. Be4 Rxg4 45. Bf3 Rh4 46. Ke4 g4 47. Bh1 f3 48. Bxf3 gxf3+ 49. Kxf3 Rxh5 50. b4 axb4 51. cxb4 Kc6 52. Ke4 Kb6 53. Kd4 Rg5 54. Kc4 Rf5 55. Kd4 Rh5 56. Kc4 Rg5 57. Kd4 Ka6 58. Kc4 Kb7 59. Kd4 Kc7 60. Kc4 Kd6 61. Kd4 Kc6 62. Kc4 Kb7 63. Kd4 Ka8 64. Kc4 Kb8 65. Kd4 Ka7 66. Kc4 Ka6 {White forfeits on time} 0-1

[Event "FICS rated lightning game"]
[Site "FICS freechess.org"]
[FICSGamesDBGameNo "20000292"]
[White "IAmTheWalrus"]
[Black "SeouLTraiN"]
[WhiteElo "2016"]
[BlackElo "1729"]
[WhiteRD "na"]
[BlackRD "na"]
[TimeControl "60+0"]
[Date "1999.03.14"]
[Time "12:06:00"]
[WhiteClock "0:01:00.000"]
[BlackClock "0:01:00.000"]
[ECO "A10"]
[PlyCount "67"]
[Result "0-1"]

1. c4 d5 2. Nc3 d4 3. Nb5 e5 4. Na3 Bxa3 5. Qa4+ Bd7 6. Qxa3 Nc6 7. d3 Nge7 8. Bd2 O-O 9. b4 f5 10. Rb1 Ng6 11. g3 f4 12. gxf4 exf4 13. Bg2 Qh4 14. Nf3 Qe7 15. b5 Qxa3 16. bxc6 Bxc6 17. O-O Qxa2 18. Bb4 Rfe8 19. Nxd4 a5 20. Bxc6 bxc6 21. Bc3 c5 22. Rb2 Qa4 23. Nb5 c6 24. Nc7 Nh4 25. Nxe8 Rxe8 26. Bd2 f3 27. e3 h5 28. Rbb1 Qa2 29. Rfd1 Kh7 30. Be1 Re6 31. Kh1 Rg6 32. Bc3 Ng2 33. Rd2 Qxd2 34. Bxd2 {White forfeits on time} 0-1

[Event "FICS rated blitz game"]
[Site "FICS freechess.org"]
[FICSGamesDBGameNo "20000291"]
[White "sharkie"]
[Black "Cadfile"]
[WhiteElo "1383"]
[BlackElo "1469"]
[WhiteRD "na"]
[BlackRD "na"]
[TimeControl "300+0"]
[Date "1999.03.14"]
[Time "11:43:00"]
[WhiteClock "0:05:00.000"]
[BlackClock "0:05:00.000"]
[ECO "D07"]
[PlyCount "85"]
[Result "1-0"]

1. d4 d5 2. c4 Nc6 3. Nf3 Nf6 4. Nc3 dxc4 5. e4 Bg4 6. d5 Bxf3 7. Qxf3 Nd4 8. Qd1 e5 9. Bxc4 Bb4 10. Bd3 O-O 11. O-O c6 12. a3 Be7 13. f4 cxd5 14. fxe5 Nxe4 15. Nxe4 dxe4 16. Bxe4 Bc5 17. Kh1 Qe7 18. Bf4 Rfd8 19. Qg4 Qe6 20. Qh5 g6 21. Qh4 Be7 22. Qf2 Nb3 23. Rab1 Nc5 24. Bf3 Nd3 25. Qe3 Bc5 26. Qe4 Nf2+ 27. Rxf2 Bxf2 28. h3 Rd4 29. Qxb7 Rad8 30. Bg4 f5 31. Bf3 Rxf4 32. Rf1 Bb6 33. Kh2 Qxe5 34. Kh1 Rxf3 35. Qxf3 Qd4 36. Qb3+ Kg7 37. Qc3 Qxc3 38. bxc3 Rc8 39. Rc1 Ba5 40. Rc2 Rxc3 41. Rxc3 Bxc3 42. Kg1 Bd4+ 43. Kf1 {Black forfeits on time} 1-0

[Event "FICS rated standard game"]
[Site "FICS freechess.org"]
[FICSGamesDBGameNo "20000290"]
[White "SamIam"]
[Black "Wortley"]
[WhiteElo "1317"]
[BlackElo "1470"]
[WhiteRD "na"]
[BlackRD "na"]
[TimeControl "900+0"]
[Date "1999.03.14"]
[Time "09:51:00"]
[WhiteClock "0:15:00.000"]
[BlackClock "0:15:00.000"]
[ECO "C41"]
[PlyCount "52"]
[Result "0-1"]

1. e4 e5 2. Nf3 d6 3. d4 exd4 4. Ng5 Qe7 5. Bb5+ c6 6. Bd3 h6 7. Qh5 g6 8. Qh4 Nd7 9. O-O Bg7 10. f4 hxg5 11. Qg3 Bf6 12. fxg5 Be5 13. Bf4 Bg7 14. Nd2 Ne5 15. Nb3 Ng4 16. Nxd4 Be5 17. c3 Bxf4 18. Rxf4 Ne5 19. Bb5 cxb5 20. Nxb5 a6 21. Nd4 Bd7 22. Nf5 gxf5 23. exf5 Bb5 24. Re1 O-O-O 25. a4 Nd3 26. Qxd3 Bxd3 {White resigns} 0-1

[Event "FICS rated lightning game"]
[Site "FICS freechess.org"]
[FICSGamesDBGameNo "20000289"]
[White "BULLA"]
[Black "mishmash"]
[WhiteElo "1827"]
[BlackElo "1824"]
[WhiteRD "na"]
[BlackRD "na"]
[TimeControl "120+0"]
[Date "1999.03.14"]
[Time "08:15:00"]
[WhiteClock "0:02:00.000"]
[BlackClock "0:02:00.000"]
[ECO "B70"]
[PlyCount "96"]
[Result "0-1"]

1. e4 c5 2. Nf3 d6 3. d4 cxd4 4. Nxd4 Nf6 5. Nc3 g6 6. Be2 Bg7 7. O-O Nc6 8. Nb3 O-O 9. Re1 Be6 10. Bf1 a6 11. Nd5 Rc8 12. c3 b5 13. Nxf6+ Bxf6 14. Bh6 Bg7 15. Bxg7 Kxg7 16. f4 Na5 17. Nd4 Bc4 18. f5 Qb6 19. Kh1 Nc6 20. Nf3 Ne5 21. Nxe5 dxe5 22. Qg4 Rfd8 23. h4 h5 24. Qg5 Qf6 25. Qe3 Qxh4+ 26. Qh3 Qxh3+ 27. gxh3 Rd2 28. Rab1 Rf2 29. Bg2 Rd8 30. Rg1 Rdd2 31. Kh2 Rxb2 32. Kg3 Rxa2 33. Rbd1 a5 34. fxg6 fxg6 35. Rd7 Kf6 36. Kh4 a4 37. Rc7 Rxg2 38. Rc6+ Kf7 39. Rxg2 Rxg2 40. Rb6 Be2 41. Rxg6 Kxg6 42. c4 a3 43. c5 a2 44. c6 a1=Q 45. c7 Qc1 46. c8=Q Qf4+ 47. Qg4+ hxg4 48. hxg4 Qxg4# {White checkmated} 0-1

[Event "FICS rated lightning game"]
[Site "FICS freechess.org"]
[FICSGamesDBGameNo "20000288"]
[White "Calfu"]
[Black "Brakman"]
[WhiteElo "1861"]
[BlackElo "1832"]
[WhiteRD "na"]
[BlackRD "na"]
[TimeControl "120+0"]
[Date "1999.03.13"]
[Time "15:26:00"]
[WhiteClock "0:02:00.000"]
[BlackClock "0:02:00.000"]
[ECO "B10"]
[PlyCount "25"]
[Result "1-0"]

1. e4 c6 2. Nf3 d5 3. Nc3 dxe4 4. Nxe4 Bf5 5. Ng3 Bg6 6. h4 h6 7. Ne5 Bh7 8. Qh5 g6 9. Bc4 e6 10. Qe2 Nf6 11. Nxf7 Kxf7 12. Qxe6+ Kg7 13. Qf7# {Black checkmated} 1-0

[Event "FICS rated blitz game"]
[Site "FICS freechess.org"]
[FICSGamesDBGameNo "20000287"]
[White "dmgrant"]
[Black "jkell"]
[WhiteElo "1862"]
[BlackElo "1666"]
[WhiteRD "na"]
[BlackRD "na"]
[TimeControl "120+8"]
[Date "1999.03.13"]
[Time "14:55:00"]
[WhiteClock "0:02:00.000"]
[BlackClock "0:02:00.000"]
[ECO "D80"]
[PlyCount "97"]
[Result "1/2-1/2"]

1. d4 Nf6 2. c4 g6 3. Nc3 d5 4. Bg5 Ne4 5. Bh4 Bg7 6. e3 c6 7. cxd5 cxd5 8. Qb3 Nxc3 9. bxc3 O-O 10. Nf3 Nc6 11. Be2 Qd6 12. O-O e5 13. Bg3 Rd8 14. c4 dxc4 15. Bxc4 Qe7 16. dxe5 Na5 17. Qa4 Nxc4 18. Qxc4 Be6 19. Qb5 Bd5 20. Bh4 f6 21. exf6 Bxf6 22. Bxf6 Qxf6 23. Nd4 Rf8 24. f4 a6 25. Qb2 Rae8 26. Rae1 Qe7 27. Rf2 Qe4 28. Nf3 Qe7 29. Ne5 Qe6 30. Rd2 Re7 31. Red1 Bc6 32. Rd6 Qf5 33. Qb3+ Kg7 34. Qc3 Kh6 35. Nxc6 bxc6 36. Rxc6 Qe4 37. Rxa6 Qxe3+ 38. Qxe3 Rxe3 39. Ra4 Re2 40. Kf1 Rb2 41. Rad4 Rxa2 42. g3 Rxh2 43. Kg1 Ra2 44. R1d2 Rfa8 45. Kg2 R8a7 46. Kh3 Kg7 47. Kg4 h5+ 48. Kf3 R7a6 49. Rd5 {Game drawn by mutual agreement} 1/2-1/2

[Event "FICS rated blitz game"]
[Site "FICS freechess.org"]
[FICSGamesDBGameNo "20000286"]
[White "monimo"]
[Black "river"]
[WhiteElo "1980"]
[BlackElo "2025"]
[WhiteRD "na"]
[BlackRD "na"]
[TimeControl "180+0"]
[Date "1999.03.12"]
[Time "15:32:00"]
[WhiteClock "0:03:00.000"]
[BlackClock "0:03:00.000"]
[ECO "D35"]
[PlyCount "63"]
[Result "1-0"]

1. d4 Nf6 2. c4 e6 3. Nc3 d5 4. cxd5 exd5 5. Bg5 Be7 6. e3 O-O 7. Bd3 c5 8. Nge2 Nc6 9. Qc2 cxd4 10. exd4 Nb4 11. Qd1 Nxd3+ 12. Qxd3 h6 13. Bh4 Bg4 14. O-O Re8 15. Rfe1 Bh5 16. Ng3 Bg6 17. Nf5 Bf8 18. Rxe8 Qxe8 19. Bxf6 gxf6 20. Nxd5 Qd8 21. Qf3 Bg7 22. Rd1 Rc8 23. Nde3 Qd7 24. Qf4 Kh7 25. h3 Re8 26. d5 Re5 27. g4 Bxf5 28. gxf5 Bf8 29. Qh4 Bc5 30. Ng4 Qxf5 31. Qxh6+ Kg8 32. Nxf6+ {Black resigns} 1-0

[Event "FICS rated blitz game"]
[Site "FICS freechess.org"]
[FICSGamesDBGameNo "20000285"]
[White "sosmogyoro"]
[Black "Torminator"]
[WhiteElo "1139"]
[BlackElo "1552"]
[WhiteRD "na"]
[BlackRD "na"]
[TimeControl "240+0"]
[Date "1999.03.12"]
[Time "11:34:00"]
[WhiteClock "0:04:00.000"]
[BlackClock "0:04:00.000"]
[ECO "C34"]
[PlyCount "35"]
[Result "1-0"]

1. e4 e5 2. f4 exf4 3. Nf3 Nc6 4. d4 d5 5. e5 Bg4 6. Bxf4 Bxf3 7. Qxf3 Nxd4 8. Qd3 Bc5 9. Be3 Nxc2+ 10. Qxc2 Bxe3 11. Be2 d4 12. Qb3 Nh6 13. Rf1 Qh4+ 14. Kd1 O-O-O 15. Na3 d3 16. Bf3 b6 17. Nb5 Kb8 18. Nxa7 {Black forfeits on time} 1-0